 Dungeon Crawl Stone Soup version 0.29-a0-284-gf9362112df (webtiles) character file.

Game seed: 6929476401772783754

4792 Pinguinius the Basher (level 10, -2/86 HPs)
             Began as a Hill Orc Fighter on Mar 14, 2022.
             Was an Initiate of Gozag.
             Slain by a two-headed ogre
             ... wielding a +0 giant club
              (6 damage)
             ... on level 9 of the Dungeon on Mar 15, 2022.
             The game lasted 01:21:04 (7071 turns).

Pinguinius the Basher (Hill Orc Fighter)            Turns: 7071, Time: 01:21:09

Health: -2/86      AC: 29    Str: 24    XL:     10   Next: 48%
Magic:  10/10      EV:  7    Int:  8    God:    Gozag
Gold:   860        SH: 10    Dex: 10    Spells: 9/9 levels left

rFire   . . .      SeeInvis +   o - +3 mace (protect)
rCold   . . .      Faith    .   c - +0 buckler
rNeg    . . .      Spirit   .   G - +0 plate armour
rPois   .          Reflect  +   u - +0 helmet
rElec   .          Harm     .   L - +0 cloak
rCorr   .          Rampage  .   (no gloves)
Will    .....                   i - +0 pair of boots
Stlth   ..........              E - amulet of reflection
HPRegen 0.24/turn               t - ring of see invisible
MPRegen 0.12/turn               k - +4 ring of protection

@: under a protective aura
A: no striking features
a: Renounce Religion, Potion Petition, Call Merchant, Bribe Branch


You were on level 9 of the Dungeon.
You worshipped Gozag.
Gozag was pleased with you.
You visited 2 branches of the dungeon, and saw 10 of its levels.
You also visited: Ossuary.

You collected 965 gold pieces.
You paid 105 gold pieces to Gozag.

Inventory:

Hand Weapons
 o - a +3 mace of protection (weapon)
 H - a +2 war axe
 M - a +4 spectral quarterstaff
Armour
 b - a +0 scale mail
 c - a +0 buckler (worn)
 i - a +0 pair of boots (worn)
 r - +0 steam dragon scales
 u - a +0 helmet (worn)
 G - a +0 plate armour (worn)
 L - a +0 cloak (worn)
Jewellery
 g - a ring of positive energy
 k - a +4 ring of protection (right hand)
 t - a ring of see invisible (left hand)
 E - an amulet of reflection (around neck)
Wands
 s - a wand of polymorph (10)
 y - a wand of flame (25) (quivered)
 z - a wand of iceblast (19)
 I - a wand of digging (2)
Scrolls
 j - a scroll of teleportation
 l - a scroll of amnesia
 m - 3 scrolls of fear
 n - 3 scrolls of vulnerability
 w - a scroll of brand weapon {unknown}
 B - 2 scrolls of fog {unknown}
 C - 2 scrolls of torment {unknown}
 F - 2 scrolls of summoning
 J - 2 scrolls of enchant armour {unknown}
 K - a scroll of holy word {unknown}
Potions
 a - a potion of mutation {unknown}
 d - 2 potions of might
 e - a potion of heal wounds
 f - a potion of berserk rage
 h - 3 potions of attraction
 p - 3 potions of curing
 q - 3 potions of flight
 v - 2 potions of resistance {unknown}
 x - a potion of degeneration {unknown}
 A - a potion of haste {unknown}
 D - 3 potions of ambrosia {unknown}


   Skills:
 + Level 7.4 Fighting
 + Level 5.1(9.3) Axes
 + Level 10.1(10.5) Maces & Flails
 * Level 9.4 Armour
 - Level 0.2 Dodging
 - Level 1.4 Stealth
 + Level 6.9 Shields
 + Level 0.8 Evocations


You had 9 spell levels left.
You didn't know any spells.
Your spell library contained the following spells:

 Spells                   Type           Power      Damage    Failure   Level
 Freeze                   Ice            0%         1d3       100%        1
 Summon Small Mammal      Summ           0%         N/A       100%        1
 Call Canine Familiar     Summ           0%         N/A       100%        3
 Frozen Ramparts          Ice            0%         1d2       100%        3
 Summon Guardian Golem    Hex/Summ       0%         N/A       100%        3
 Hailstorm                Conj/Ice       0%         3d3       100%        4


Dungeon Overview and Level Annotations

Branches:
Dungeon (9/15)             Temple (1/1) D:6         Ossuary (visited)
   Lair: D:8-11         Orc: D:9-12

Altars:
Ashenzari
Cheibriados
Dithmenos
Elyvilon
Fedhas
Gozag
Hepliaklqana
Kikubaaqudgha
Makhleb
Nemelex Xobeh
Okawaru
Qazlal
Ru
Sif Muna
Trog
Uskayaw
Vehumet
Wu Jian
Xom
Yredelemnul
Zin
The Shining One

Shops:
D:5 (


Message History

The two-headed ogre shouts in stereo!
There is an open door here.
You sock the two-headed ogre!
Your weapon exudes an aura of protection.
The two-headed ogre is lightly wounded.
You block the two-headed ogre's attack. x2
You barely miss the two-headed ogre.
The two-headed ogre is lightly wounded.
You sock the two-headed ogre!
The two-headed ogre is moderately wounded.
The two-headed ogre hits you but does no damage.
You block the two-headed ogre's attack.
You hit the two-headed ogre but do no damage.
The two-headed ogre is moderately wounded.
The two-headed ogre barely misses you. You block the two-headed ogre's attack.
You thump the two-headed ogre!
The two-headed ogre is heavily wounded.
You sock the two-headed ogre!
The two-headed ogre is severely wounded.
The two-headed ogre hits you with a +0 giant club. x2
You hit the two-headed ogre.
The two-headed ogre is severely wounded.
You hit the two-headed ogre.
The two-headed ogre is severely wounded.
The two-headed ogre hits you with a +0 giant club!
* * * LOW HITPOINT WARNING * * *
The two-headed ogre hits you with a +0 giant club!
* * * LOW HITPOINT WARNING * * *
You thump the two-headed ogre!
The two-headed ogre is almost dead.
The two-headed ogre hits you but does no damage. x2
You barely miss the two-headed ogre.
The two-headed ogre is almost dead.
You closely miss the two-headed ogre.
The two-headed ogre is almost dead.
The two-headed ogre hits you with a +0 giant club.
* * * LOW HITPOINT WARNING * * *
The two-headed ogre hits you with a +0 giant club.
You die...
Your body crumbles into a pile of gold.

#..... #..... #.....
#..... ..... ...
#O### #.@.#
#####'##########+####
#.........##.........
#.........#..........
#.........#..........
#....................
#.........##.........
#.........##.........
#.........######+####


You could see a two-headed ogre.

Vanquished Creatures
  Pikel (D:8)
  Joseph (D:8)
  A gargoyle (D:9)
  2 wyverns
  2 vampire mosquitoes (D:9)
  Menkaure (D:6)
  Duvessa (D:6)
  2 water moccasins
  3 sky beasts
  A black bear (D:6)
  An ogre (D:5)
  A boggart (D:9)
  3 centaurs
  A kobold brigand (D:7)
  2 phantoms (D:6)
  A bullfrog (D:7)
  A gnoll sergeant (D:7)
  A scorpion (D:4)
  5 water moccasin zombies (Ossuary)
  10 wights
  Dowan (D:6)
  4 howler monkeys (D:7)
  6 hounds (D:5)
  Crazy Yiuf (D:6)
  2 iguanas
  2 orc wizards
  2 mummies (Ossuary)
  6 adders
  5 gnolls (D:7)
  A white imp (D:6)
  An ufetubus (D:5)
  4 adder zombies (Ossuary)
  2 worms
  A dart slug (D:4)
  18 orcs
  3 ball pythons
  4 bats (D:1)
  9 endoplasms
  4 giant cockroaches
  3 gnoll zombies (Ossuary)
  13 goblins
  4 hobgoblins
  4 jackals
  12 kobolds
  5 quokkas
  A frilled lizard (D:2)
  3 hobgoblin zombies (Ossuary)
  2 kobold zombies (Ossuary)
  10 orc zombies (Ossuary)
  4 rats
178 creatures vanquished.

Notes
Turn   | Place    | Note
-------+----------+-------------------------------------------
     0 | D:1      | Pinguinius the Hill Orc Fighter began the quest for the
                  | Orb.
     0 | D:1      | Reached XP level 1. HP: 19/19 MP: 1/1
   239 | D:1      | Reached XP level 2. HP: 27/27 MP: 2/2
   567 | D:2      | Reached XP level 3. HP: 33/33 MP: 3/3
   825 | D:2      | Reached XP level 4. HP: 36/40 MP: 4/4
  1786 | D:3      | Noticed a water moccasin
  1788 | D:3      | Found a faded altar of an unknown god.
  1804 | D:3      | Killed a water moccasin
  1805 | D:3      | Reached skill level 5 in Axes
  1805 | D:3      | Reached skill level 1 in Maces & Flails
  1805 | D:3      | Reached XP level 5. HP: 9/46 MP: 5/5
  2026 | D:3      | Reached skill level 5 in Armour
  2032 | D:3      | Reached XP level 6. HP: 48/52 MP: 6/6
  2069 | D:3      | Prayed at the altar of an unknown god.
  2069 | D:3      | Became a worshipper of Uskayaw the Reveller
  2069 | D:3      | Reached * piety under Uskayaw
  2120 | D:4      | Reached ** piety under Uskayaw
  2126 | D:4      | Reached skill level 2 in Maces & Flails
  2318 | D:4      | Identified the +0 leather armour of the Unbroken {Contam
                  | rN+ SInv}
  2840 | D:5      | Entered Level 5 of the Dungeon
  2895 | D:5      | Reached skill level 3 in Maces & Flails
  2896 | D:5      | Found Quhac's Antique Weapon Boutique.
  2927 | D:5      | Reached XP level 7. HP: 55/60 MP: 3/7
  3078 | D:5      | Reached skill level 4 in Maces & Flails
  3091 | D:5      | Reached *** piety under Uskayaw
  3211 | D:5      | Found a sand-covered staircase.
  3215 | Ossuary  | Entered an ossuary
  3246 | Ossuary  | Reached skill level 5 in Maces & Flails
  3310 | Ossuary  | Reached skill level 5 in Fighting
  3331 | Ossuary  | Reached XP level 8. HP: 64/68 MP: 8/8
  3373 | Ossuary  | Reached skill level 6 in Maces & Flails
  3391 | Ossuary  | Reached **** piety under Uskayaw
  3562 | D:5      | Found an opulent altar of Gozag.
  3588 | D:5      | Fell from the grace of Uskayaw
  3588 | D:5      | Became a worshipper of Gozag Ym Sagoz the Greedy
  3948 | D:6      | Reached skill level 1 in Stealth
  4046 | D:6      | Reached skill level 7 in Maces & Flails
  4101 | D:6      | Noticed Duvessa
  4102 | D:6      | Noticed Dowan
  4117 | D:6      | Killed Duvessa
  4148 | D:6      | Killed Dowan
  4188 | D:6      | Found a runed translucent door.
  4189 | D:6      | Noticed Crazy Yiuf
  4355 | D:6      | Reached XP level 9. HP: 54/73 MP: 9/9
  4360 | D:6      | Reached skill level 5 in Shields
  4374 | D:6      | Noticed Menkaure
  4392 | D:6      | Killed Menkaure
  4587 | D:6      | Reached skill level 8 in Maces & Flails
  4636 | D:6      | Found a staircase to the Ecumenical Temple.
  4642 | Temple   | Entered the Ecumenical Temple
  5211 | D:6      | Killed Crazy Yiuf
  5975 | D:7      | Paralysed by the fury of Uskayaw for 7 turns
  6233 | D:8      | Reached skill level 9 in Maces & Flails
  6372 | D:8      | Noticed Joseph
  6394 | D:8      | Killed Joseph
  6395 | D:8      | Reached XP level 10. HP: 79/84 MP: 10/10
  6544 | D:8      | Paralysed by the fury of Uskayaw for 6 turns
  6624 | D:8      | Noticed Pikel
  6641 | D:8      | Killed Pikel
  6961 | D:9      | Noticed a gargoyle
  6968 | D:9      | Reached skill level 10 in Maces & Flails
  6988 | D:9      | Killed a gargoyle
  7059 | D:9      | Noticed a two-headed ogre
  7071 | D:9      | HP: 4/86 [two-headed ogre/+0 giant club (2)]
  7071 | D:9      | Slain by a two-headed ogre

Illustrated notes

Levels and vault maps discovered:
D:1:      pf_arrival_petrified_forest, layout_basic, lemuel_old_faithful
D:2:      kennysheep_the_goblin_king, layout_rooms
D:3:      layout_loops_ring, hellmonk_ecumenical_altar_pennies_from_heaven
D:4:      layout_loops_ring
D:5:      layout_loops_cross, grunt_gozag_breadcrumbs, serial_shops,
          nicolae_shop_window_shopping, enter_ossuary_5
D:6:      layout_basic, minmay_temple_entry_gardened_gates, minmay_puff,
          uniq_menkaure, uniq_duvessa, uniq_crazy_yiuf_cottage
D:7:      layout_loops_corners
D:8:      layout_rooms, uniq_joseph, uniq_pikel
D:9:      layout_roguey, item_on_display_a
Temple:   nicolae_temple_the_god_donut

Skill      XL: |  1  2  3  4  5  6  7  8  9 10 |
---------------+-------------------------------+-----
Axes           | 3 4 5 |  5.1
Fighting       | 4 5 6 7 |  7.4
Armour         | 4 5 6 7 9 |  9.4
Maces & Flails | 1 3 5 7 9 10 | 10.1
Shields        | 4 6 |  6.9
Stealth        | 1 |  1.4
Dodging        | |  0.2
Evocations     | |  0.8

Action                   |  1- 3 |  4- 6 |  7- 9 | 10-12 || total
-------------------------+-------+-------+-------+-------++-------
Melee: War axe           |    87 |    29 |       |       ||   116
       Mace              |       |   120 |   448 |    92 ||   660
Invok: Stomp             |       |     3 |     1 |       ||     4
Evoke: Wand              |       |       |     7 |       ||     7
  Use: Scroll            |     5 |     4 |     1 |     1 ||    11
       Potion            |       |     1 |     4 |     4 ||     9
 Stab: Paralysed         |       |       |     5 |       ||     5
Armor: Scale mail        |    36 |    89 |   204 |       ||   329
       Plate armour      |       |       |    22 |    96 ||   118
Dodge: Dodged            |    36 |    72 |   161 |    38 ||   307
Block: Buckler           |    23 |    49 |   159 |    62 ||   293
       Reflection        |       |       |     3 |     2 ||     5

Table legend: (Time is in decaauts)
 A = Elapsed time spent in this place.
 B = Non-inter-level travel time spent in this place.
 C = Inter-level travel time spent in this place.
 D = Time resting spent in this place.
 E = Time spent auto-exploring this place.
 F = Levels seen in this place.
 G = Mean time per level.
                   A        B        C        D        E       F      G
               +--------+--------+--------+--------+--------+-----+--------+
         Total |   7179 |   2481 |   4698 |      0 |    553 |  11 |  652.6 |
       Dungeon |   6882 |   2255 |   4627 |      0 |    553 |   9 |  764.7 |
        Temple |     72 |      1 |     71 |      0 |      0 |   1 |   72.0 |
       Ossuary |    223 |    223 |      0 |      0 |      0 |   1 |  223.0 |
               +--------+--------+--------+--------+--------+-----+--------+

Top non-repeatable levels by time:
     D:6: 1443 daAuts
     D:3: 1030 daAuts
     D:7: 878 daAuts
     D:4: 741 daAuts
     D:5: 735 daAuts
     D:8: 581 daAuts
     D:1: 575 daAuts
     D:2: 563 daAuts
     D:9: 332 daAuts
 Ossuary: 223 daAuts
  Temple: 72 daAuts
